AoeStats
← BuMm

Arabia

509462087Analyzed
4v4 RM · 6d ago on Sep 26, 2026· 28m 16s· 8 players
Game mode
Random Map
Map size
Large (8 player)
Population
200
Speed
Normal
Resources
Standard
Victory
Conquest
Starting age
Dark Age
Ending age
Imperial Age
RankedLock teamsTeams togetherTeam positionsShared explorationLock speedFull tech treeHidden civsTurbo modeCheats
Victory
Defeat
🇸🇪 Tatars · Sweden
1371
+17
🇦🇷 Magyars · Argentina
1360
+17
🇺🇸 Wu · United States
1339
+18
🇧🇷 Franks · Brazil
1320
+18
🇲🇽 Maya · Mexico
1397
-18
🇦🇹 Persians · Austria
1386
-18
🇦🇹 Britons · Austria
1374
-17
🇪🇸 Franks · Spain
1363
-17
Arribia
5:08 Loom
9:20 Feudal Age
10:06 Double-Bit Axe
15:09 Fletching
19:48 Padded Archer Armor
24:03 Castle Age
24:48 Forging
24:38 Scale Mail Armor
25:35 Squires
25:21 Arson
27:12 Wheelbarrow
26:10 Pikeman
BuMm
7:04 Loom
9:09 Feudal Age
9:54 Double-Bit Axe
15:42 Scale Barding Armor
21:32 Castle Age
19:35 Horse Collar
20:56 Gold Mining
21:18 Bloodlines
22:37 Husbandry
23:51 Bow Saw
24:26 Chain Barding Armor
24:47 Wheelbarrow
28:21 Wheelbarrow
Jardel
6:54 Loom
9:45 Feudal Age
14:25 Fletching
17:03 Padded Archer Armor
23:30 Castle Age
21:45 Double-Bit Axe
23:37 Crossbowman
24:17 Bodkin Arrow
26:35 Leather Archer Armor
Zé Tretinha
6:40 Loom
9:40 Feudal Age
15:01 Scale Barding Armor
15:53 Forging
21:39 Castle Age
19:32 Double-Bit Axe
24:56 Wheelbarrow
26:10 Chain Barding Armor
27:48 Iron Casting
Leonidas
0:28 Loom
10:13 Feudal Age
10:51 Double-Bit Axe
12:27 Fletching
14:34 Horse Collar
16:40 Padded Archer Armor
22:28 Castle Age
22:29 Crossbowman
24:02 Bodkin Arrow
25:09 Thumb Ring
mano
6:26 Loom
9:08 Feudal Age
9:45 Double-Bit Axe
15:03 Forging
15:31 Scale Barding Armor
18:53 Wheelbarrow
23:32 Castle Age
23:34 Gold Mining
24:37 Chain Barding Armor
24:53 Iron Casting
25:03 Bow Saw
25:05 Husbandry
25:49 Gold Shaft Mining
Mike Hawks Veiny
5:59 Loom
8:46 Feudal Age
9:14 Double-Bit Axe
9:18 Horse Collar
19:12 Scale Barding Armor
28:37 Castle Age
Mike Hawks Krusty
3:27 Loom
10:43 Feudal Age
25:18 Double-Bit Axe
26:48 Fletching
Connection lost

Rejoining the realm…

Still unreachable

The connection could not be restored.

Session expired

The server has moved on; the page needs a fresh start.